 Dungeon Crawl Stone Soup version 0.32-a0-872-g59262bdc9b (webtiles) character file.

Game seed: 8807013526201026035

54412 Autsider the Summoner (level 14, 77/77 HPs)
             Began as a Felid Summoner on Mar 30, 2024.
             Was the Champion of Kikubaaqudgha.
             Quit the game on level 10 of the Dungeon.
             The game lasted 01:39:23 (18987 turns).

Autsider the Summoner (Felid Summoner)             Turns: 18987, Time: 01:39:24

Health: 77/77      AC:  3    Str:  4    XL:     14   Next: 34%
Magic:  30/30      EV: 26    Int: 24    God:    Kikubaaqudgha [******]
Gold:   632        SH:  0    Dex: 23    Spells: 9/35 levels left
                                        Lives:  0   Deaths: 5

rFire   . . .        (weapon unavailable)
rCold   + . .        (shield unavailable)
rNeg    . . .        (body armour unavailable)
rPois   .            (helmet unavailable)
rElec   .            (cloak unavailable)
rCorr   .            (gloves unavailable)
SInv    +            (boots unavailable)
Will    +++..        s - amulet of regeneration
Stlth   +++++        e - ring of willpower
HPRegen 1.12/turn    r - +6 ring of dexterity
MPRegen 0.22/turn

%: no passive effects
@: no status effects
A: very small, claws 1, fangs 3, see invisible, shaggy fur 3, stealthy paws, no
weapons or thrown items, no armour, multi-lived
a: Renounce Religion, Unearth Wretches, Torment


You were on level 10 of the Dungeon.
You worshipped Kikubaaqudgha.
Kikubaaqudgha was exalted by your worship.
You visited 2 branches of the dungeon, and saw 15 of its levels.
You also visited: Sewer, Ossuary, Bailey and Gauntlet.

You collected 1064 gold pieces.
You spent 432 gold pieces at shops.

Inventory:

Jewellery
 c - a ring of fire
 e - a ring of willpower (left paw)
 h - a ring of poison resistance
 j - a ring of protection from fire
 q - a +6 ring of strength
 r - a +6 ring of dexterity (right paw)
 s - an amulet of regeneration (around neck)
 B - a ring of flight
 C - a +5 ring of evasion
 G - a ring of fire
 I - an amulet of the acrobat
Wands
 p - a wand of quicksilver (24)
 w - a wand of warping (15)
 y - a wand of flame (29)
 z - a wand of charming (14)
 D - a wand of digging (1)
Scrolls
 k - 2 scrolls of torment
 m - 10 scrolls of teleportation
 n - 2 scrolls of fog
 x - 6 scrolls of identify
 E - a scroll of poison {unknown}
 F - 2 scrolls of enchant weapon {unknown}
 H - a scroll of amnesia
 J - a scroll of summoning {unknown}
 L - a scroll of vulnerability
Potions
 a - a potion of magic
 b - 3 potions of brilliance
 d - 6 potions of haste
 f - 7 potions of curing
 g - a potion of heal wounds
 i - 3 potions of attraction
 l - a potion of berserk rage
 o - 4 potions of enlightenment
 t - 4 potions of lignification
 u - 4 potions of might
 v - 4 potions of mutation
 A - a potion of invisibility {unknown}
 K - a potion of resistance {unknown}


   Skills:
 - Level 10.0 Fighting
 - Level 10.0 Dodging
 - Level 10.0 Stealth
 + Level 11.0 Spellcasting
 - Level 8.0 Hexes
 - Level 11.0 Summonings
 + Level 9.7 Necromancy
 - Level 5.0 Fire Magic
 - Level 5.0 Air Magic
 - Level 6.0 Earth Magic


You had 9 spell levels left.
You knew the following spells:

 Your Spells              Type           Power      Damage    Failure   Level
a - Call Canine Familiar  Summ           60%        N/A       1%          3
b - Summon Blazeheart Go  Fire/Summ      51%        N/A       1%          4
c - Summon Lightning Spi  Summ/Air       51%        N/A       1%          4
d - Anguish               Hex/Necr       27%        N/A       1%          4
e - Animate Dead          Necr           56%        N/A       1%          4
m - Summon Small Mammal   Summ           100%       N/A       1%          1
w - Death Channel         Necr           28%        N/A       13%         6

Your spell library contained the following spells:

 Spells                   Type           Power      Damage    Failure   Level
 Kiss of Death            Conj/Necr      100%       2d13      1%          1
 Necrotise                Necr           100%       1d9       1%          1
 Slow                     Hex            100%       N/A       1%          1
 Call Imp                 Summ           100%       N/A       1%          2
 Cigotuvi's Dreadful Rot  Necr/Alch/Air  72%        N/A       1%          2
 Ensorcelled Hibernation  Hex/Ice        64%        N/A       1%          2
 Confusing Touch          Hex            51%        N/A       1%          3
 Vampiric Draining        Necr           56%        2d10      1%          3
 Dispel Undead            Necr           56%        3d20      1%          4
 Martyr's Knell           Necr/Summ      58%        N/A       1%          4
 Curse of Agony           Necr           56%        N/A       2%          5
 Freeze                   Ice            52%        1d6       4%          1
 Borgnjor's Vile Clutch   Necr/Erth      25%        N/A       5%          5
 Airstrike                Air            18%        2d(3-19)  6%          4
 Frozen Ramparts          Ice            26%        1d4       14%         3
 Hailstorm                Conj/Ice       13%        3d6       14%         3
 Ignite Poison            Fire/Alch      25%        N/A       17%         4
 Sticky Flame             Fire/Alch      25%        2d6       17%         4
 Haunt                    Necr/Summ      29%        N/A       50%         7
 Freezing Cloud           Conj/Ice/Air   10%        6-21      54%         5
 Plasma Beam              Fire/Air       18%        2x1d30    67%         6
 Irradiate                Conj/Alch      6%         3d13      78%         5
 Borgnjor's Revivificati  Necr           28%        N/A       99%         8
 Infestation              Necr           28%        N/A       99%         8
 Ozocubu's Refrigeration  Ice            6%         4d8       100%        7
 Ignition                 Fire           18%        3d7       100%        8
 Death's Door             Necr           28%        N/A       100%        9


Dungeon Overview and Level Annotations

Branches:
Dungeon (10/15)            Temple (0/1) D:5            Lair (5/5) D:9
 Shoals (0/4) Lair:2        Snake (0/4) Lair:3        Slime (0/5) Lair:4
    Orc (0/2) D:10          Sewer (visited)         Ossuary (visited)
 Bailey (visited)         Gauntlet (visited)

Altars:
Elyvilon
Gozag
Kikubaaqudgha
Makhleb
Uskayaw
Vehumet
Zin
Jiyva
Lugonu

Shops:
D:2 !   D:8 ::=

Portals:
Abyss: Lair:5

Annotations:
D:10 exclusion: orange crystal statue


Innate Abilities, Weirdness & Mutations

You have sharp claws.
You have razor-sharp teeth.
You have supernaturally acute eyesight. (SInv)
Your thick and shaggy fur keeps you warm. (AC +3, rC+)
Your paws help you pounce on unaware monsters.
You are incapable of wielding weapons or throwing items.
You cannot wear armour.
You gain extra lives every three experience levels.


Message History

The ball of steam misses you. The ball of steam hits your inugami!
Your inugami is engulfed in a cloud of scalding steam.
Your inugami is engulfed in a cloud of scalding steam.
The steam dragon bites your blazeheart golem but does no damage.
The steam dragon claws your blazeheart golem.
Your blazeheart golem closely misses the steam dragon.
The steam dragon bites your blazeheart golem.
The steam dragon claws your blazeheart golem but does no damage.
The steam dragon bites your blazeheart golem but does no damage.
The steam dragon claws your blazeheart golem.
Your inugami misses the steam dragon.
Your blazeheart golem punches the steam dragon!
The steam dragon dies!
The steam dragon's corpse dissolves into shadows!
Your inugami disappears in a puff of smoke!
A gnoll is nearby!
The gnoll attacks as it pursues you! The gnoll closely misses you.
Your blazeheart golem punches the gnoll!
The gnoll dies!
The gnoll's corpse dissolves into shadows!
You start resting.
Your blazeheart golem disappears in a puff of smoke!
Magic restored.
You see here the felid corpse of Autsider.
There is an open door here.
There is an open door here.
Found a runed long sword.
There is an open door here.
Found a dyed leather armour.
Partly explored, can't reach some items and places.
Partly explored, can't reach some items and places.
Partly explored, can't reach some items and places.
Partly explored, can't reach some items and places.
Partly explored, can't reach some items and places.
Saving game... please wait.
Level annotation: exclusion: orange crystal statue Welcome back, Autsider the Felid Summoner.
Kikubaaqudgha says: Spread unending torment and darkness!
Press ? for a list of commands and other information.
Are you sure you want to abandon this character and quit the game? (Confirm with "yes".)

....))...............#..≈≈####
...).)........)).....'..>≈#.#
##..#........))......#..≈≈#.#
...###...#...#...#...#.≈≈≈#.#
....###.###.###ß###ß#######.#
###.# ############### #.# ..#.#
#.........# #.# ###.# #..<......#
#.# ..#.#####.......@.###### #.#
#.#....##.........'....####.#####
#.#.##..#.........####...........
###.###†#.........#.....###.#####
....# #.'..........()$.## #.#
#.### ###.........$###!. ##.#
#..# #####'##..|#I ). ..# ##.#
#.###.$## $.###.# #.# ##.# ##.([
.## #.#


There were no monsters in sight!

Vanquished Creatures
  A minotaur (Gauntlet)
  4 hydras
  A two-headed ogre (D:7)
  A thrashing horror (Lair:5)
  2 skysharks (Lair:5)
  2 glowing orange brains (Gauntlet)
  A slime creature (D:10)
  2 ugly things
  2 large abominations (Lair:5)
  Maurice (D:8)
  A worldbinder (Gauntlet)
  A manticore (D:7)
  A moth of wrath (Gauntlet)
  An elephant (Lair:4)
  A black mamba (Lair:3)
  3 cane toads (Lair:1)
  A rime drake (Lair:5)
  8 komodo dragons
  A queen bee (shapeshifter) (Lair:5)
  A polar bear (Lair:4)
  Prince Ribbit (D:6)
  5 blink frogs
  2 spriggans (Lair:5)
  A ynoxinul (Lair:5)
  A water elemental (Lair:2)
  A wyvern (Lair:5)
  43 yaks
  3 basilisks
  3 hogs (Lair:3)
  2 chaos spawn (Lair:5)
  Duvessa (D:4)
  4 orc warriors
  A crocodile (Sewer)
  2 blink frog zombies (Lair:5)
  2 boggarts (Gauntlet)
  6 small abominations (Lair:5)
  3 wolves (Gauntlet)
  A lemure (D:6)
  A kobold brigand (D:8)
  2 bullfrogs
  6 wights
  A water moccasin zombie (Ossuary)
  A burial acolyte (Ossuary)
  A polar bear zombie (Lair:4)
  A killer bee (D:9)
  A bombardier beetle (D:5)
  A gnoll bouda (D:6)
  An orc wizard (D:8)
  6 gnolls
  An adder (D:3)
  An ufetubus (D:6)
  2 adder zombies (Ossuary)
  7 orcs
  A bat (D:2)
  6 endoplasms
  2 giant cockroaches
  3 gnoll zombies (Ossuary)
  3 goblins
  3 hobgoblins (D:1)
  2 kobolds (D:8)
  2 ball pythons
  A frilled lizard (D:1)
  2 orc zombies (D:10)
  4 rats (D:1)
180 creatures vanquished.

Vanquished Creatures (collateral kills)
  Kirke (Lair:3)
  2 thrashing horrors (Lair:5)
  A skyshark (Lair:3)
  Pikel (D:6)
  2 elephants (Lair:4)
  2 large abominations (Lair:5)
  3 smoke demons (Lair:5)
  7 cane toads
  A rime drake (Lair:1)
  10 komodo dragons
  2 polar bears
  16 blink frogs
  A snapping turtle (Lair:2)
  A raiju (Lair:5)
  A slime creature (D:8)
  A shadow (D:9)
  4 basilisks
  A wraith (D:9)
  42 yaks
  4 hogs (Lair:3)
  4 wyverns
  A steam dragon (D:8)
  A vampire mosquito (D:7)
  2 nagas (Lair:3)
  10 water moccasins
  7 orc warriors
  A black bear (D:5)
  7 centaurs
  2 ogres (D:6)
  3 lemures (D:6)
  A phantom (D:4)
  2 kobold brigands
  7 bullfrogs
  3 small abominations (Lair:5)
  A gnoll sergeant (D:5)
  10 wights
  4 water moccasin zombies (Ossuary)
  Dowan (D:4)
  6 killer bees
  4 howler monkeys (D:10)
  2 nameless horrors (D:5)
  11 jellies
  6 hounds
  12 orc priests
  2 sleepcaps
  3 iguanas
  Terence (D:2)
  10 orc wizards
  2 crocodile zombies (Ossuary)
  2 mummies (Ossuary)
  12 gnolls
  5 adders
  A shadow imp (D:6)
  4 white imps
  An ufetubus (D:5)
  2 adder zombies (Ossuary)
  2 dart slugs (D:1)
  2 ribbon worms (D:2)
  45 orcs
  8 ball pythons
  19 endoplasms
  6 giant cockroaches
  4 gnoll zombies (Ossuary)
  7 goblins
  5 hobgoblins
  4 jackals (Sewer)
  16 kobolds
  3 quokkas
  A bat (D:3)
  4 jackal zombies (Ossuary)
  4 orc zombies (Ossuary)
  2 rats
388 creatures vanquished.

Vanquished Creatures (others)
  3 skyshark zombies
  2 cane toad zombies (Lair:3)
  3 blink frog zombies (Lair:5)
  An elephant zombie (Lair:4)
  A small abomination (Lair:5)
  2 komodo dragon zombies
  2 polar bear zombies
  20 yak zombies
  A spriggan zombie (Lair:5)
  A bullfrog zombie (Lair:4)
  4 orc zombies (D:10)
  102 blazeheart cores
142 creatures vanquished.

Grand Total: 710 creatures vanquished

Notes
Turn   | Place    | Note
-------+----------+-------------------------------------------
     0 | D:1      | Autsider the Felid Summoner began the quest for the Orb.
     0 | D:1      | Reached XP level 1. HP: 9/9 MP: 4/4
   168 | D:1      | Reached XP level 2. HP: 13/13 MP: 6/6
   171 | D:1      | Learned a level 2 spell: Call Imp
   695 | D:1      | Reached XP level 3. HP: 16/16 MP: 5/8
   734 | D:1      | Learned a level 3 spell: Call Canine Familiar
   900 | D:2      | Noticed Terence
   911 | D:2      | Killed Terence
   912 | D:2      | Reached XP level 4. HP: 21/21 MP: 6/9
   912 | D:2      | Gained a life (2 lives remaining)
   986 | D:2      | Reached skill level 5 in Summonings
  1029 | D:2      | Found Daifisel's Distillery.
  1903 | D:3      | Found a white marble altar of Elyvilon.
  2052 | D:3      | Reached XP level 5. HP: 20/24 MP: 6/11
  2057 | D:3      | Learned a level 4 spell: Summon Blazeheart Golem
  2280 | D:4      | Noticed a phantom
  2298 | D:4      | Killed a phantom
  2299 | D:4      | Reached skill level 1 in Fire Magic
  2547 | D:4      | Gained mutation: You are covered in thick fur. (AC +2)
                  | [Felid growth]
  2547 | D:4      | Reached XP level 6. HP: 28/28 MP: 8/13
  2589 | D:4      | Found a glowing drain.
  2633 | Sewer    | Entered a sewer
  2949 | D:4      | Found a burning altar of Makhleb.
  3077 | D:4      | Reached XP level 7. HP: 32/32 MP: 3/14
  3082 | D:4      | Learned a level 4 spell: Summon Lightning Spire
  3147 | D:4      | Noticed Dowan
  3155 | D:4      | Noticed Duvessa
  3167 | D:4      | Killed Dowan
  3188 | D:4      | Killed Duvessa
  3683 | D:5      | Entered Level 5 of the Dungeon
  3684 | D:5      | Found a staircase to the Ecumenical Temple.
  3712 | D:5      | Found an opulent altar of Gozag.
  3726 | D:5      | Found an ancient bone altar of Kikubaaqudgha.
  3749 | D:5      | Became a worshipper of Kikubaaqudgha
  4252 | D:5      | Reached skill level 5 in Spellcasting
  4471 | D:5      | Reached XP level 8. HP: 31/36 MP: 7/16
  4661 | D:5      | HP: 1/36 [gnoll sergeant/+2 spear of freezing (12)]
  4661 | D:5      | Slain by a gnoll sergeant
  4661 | D:5      | Lost a life (1 life remaining)
  4872 | D:5      | Noticed a nameless horror
  4884 | D:5      | Killed a nameless horror
  4895 | D:5      | Reached skill level 5 in Fire Magic
  5332 | D:6      | Reached * piety under Kikubaaqudgha
  5332 | D:6      | Received a gift from Kikubaaqudgha
  5343 | D:6      | Reached skill level 1 in Fighting
  5348 | D:6      | Learned a level 4 spell: Animate Dead
  5393 | D:6      | Reached skill level 1 in Air Magic
  5401 | D:6      | Noticed Prince Ribbit
  5419 | D:6      | Killed Prince Ribbit
  5722 | D:6      | Noticed Pikel
  5752 | D:6      | Killed Pikel
  5753 | D:6      | Reached skill level 5 in Stealth
  5753 | D:6      | Reached XP level 9. HP: 37/43 MP: 7/19
  5753 | D:6      | Gained a life (2 lives remaining)
  6067 | D:7      | Reached skill level 5 in Dodging
  6166 | D:7      | Found a flagged portal.
  6228 | Bailey   | Entered a bailey
  6320 | Bailey   | Reached ** piety under Kikubaaqudgha
  6320 | Bailey   | Noticed an orc knight
  6324 | Bailey   | Mangled by an orc warrior
  6324 | Bailey   | Lost a life (1 life remaining)
  6378 | D:7      | Found a sand-covered staircase.
  6383 | Ossuary  | Entered an ossuary
  6467 | Ossuary  | Reached skill level 1 in Necromancy
  7009 | D:7      | Noticed a manticore
  7012 | D:7      | Reached XP level 10. HP: 49/49 MP: 7/21
  7012 | D:7      | Gained a life (2 lives remaining)
  7021 | D:7      | Noticed a two-headed ogre
  7024 | D:7      | Killed a manticore
  7030 | D:7      | Killed a two-headed ogre
  7308 | D:7      | Got the Book of Inference
  7394 | D:7      | Reached *** piety under Kikubaaqudgha
  7394 | D:7      | Received a gift from Kikubaaqudgha
  7400 | D:7      | Learned a level 4 spell: Anguish
  7605 | D:8      | Found Ypnamaodd's Jewellery Emporium.
  7613 | D:8      | Found a glowing silver altar of Zin.
  7628 | D:8      | Reached skill level 1 in Hexes
  7769 | D:8      | Noticed Maurice
  8055 | D:8      | Found Lujesyky's Book Emporium.
  8102 | D:8      | Reached skill level 5 in Fighting
  8355 | D:8      | Found Amiez's Book Emporium.
  8503 | D:8      | Reached **** piety under Kikubaaqudgha
  8822 | D:8      | Found a radiant altar of Vehumet.
  8873 | D:8      | Killed Maurice
  8909 | D:8      | Found a hide-covered altar of Uskayaw.
  9156 | D:9      | Reached XP level 11. HP: 56/56 MP: 19/23
  9229 | D:9      | Found a staircase to the Lair.
 10164 | Lair:1   | Entered Level 1 of the Lair of Beasts
 10219 | Lair:1   | Reached skill level 5 in Air Magic
 10242 | Lair:1   | Found a gate leading to a gauntlet.
 10265 | Lair:1   | Reached skill level 5 in Hexes
 10384 | Gauntlet | Entered a Gauntlet
 10384 | Gauntlet | Found a transporter.
 10392 | Gauntlet | Found a transporter.
 10394 | Gauntlet | Found a transporter.
 10406 | Gauntlet | Found a transporter.
 10417 | Gauntlet | Found a transporter.
 10419 | Gauntlet | Noticed a glowing orange brain
 10422 | Gauntlet | Found a transporter.
 10437 | Gauntlet | Found a transporter.
 10437 | Gauntlet | Noticed a blizzard demon
 10453 | Gauntlet | Noticed a white ugly thing
 10456 | Gauntlet | Found a transporter.
 10468 | Gauntlet | Found a transporter.
 10473 | Gauntlet | Noticed a glowing orange brain
 10478 | Gauntlet | Noticed a purple ugly thing
 10480 | Gauntlet | Found a transporter.
 10486 | Gauntlet | Found a transporter.
 10486 | Gauntlet | Found a transporter.
 10488 | Gauntlet | Noticed a glowing orange brain
 10493 | Gauntlet | Found the +5 scythe "Finisher" {speed, execute}
 10501 | Gauntlet | Found a transporter.
 10509 | Gauntlet | Noticed an eight-headed hydra
 10513 | Gauntlet | Found a transporter.
 10532 | Gauntlet | Found a transporter.
 10547 | Gauntlet | Found a transporter.
 10549 | Gauntlet | Found a transporter.
 10576 | Gauntlet | Found a transporter.
 11015 | Gauntlet | Noticed a merfolk aquamancer
 11018 | Gauntlet | Reached ***** piety under Kikubaaqudgha
 11030 | Gauntlet | Reached skill level 5 in Necromancy
 11131 | Gauntlet | Killed a glowing orange brain
 11137 | Gauntlet | Killed a white ugly thing
 11150 | Gauntlet | Killed a glowing orange brain
 11280 | Gauntlet | Noticed a minotaur
 11304 | Gauntlet | Killed a minotaur
 11305 | Gauntlet | Gained mutation: Your thick and shaggy fur keeps you warm.
                  | (AC +3, rC+) [Felid growth]
 11305 | Gauntlet | Reached XP level 12. HP: 62/62 MP: 11/25
 11388 | Gauntlet | Identified the +5 dagger of the Beast {protect, rN++ Int+5}
 11389 | Gauntlet | Got the Compendium of Spectral Austromancy
 11561 | D:8      | Bought a book of Unlife for 432 gold pieces
 11780 | Lair:1   | Reached skill level 10 in Stealth
 11780 | Lair:1   | Reached skill level 1 in Earth Magic
 12325 | Lair:2   | Noticed a four-headed hydra
 12519 | Lair:2   | Killed a four-headed hydra
 12914 | Lair:2   | Reached skill level 10 in Dodging
 13335 | Lair:2   | Found a staircase to the Shoals.
 13491 | Lair:3   | Found a staircase to the Snake Pit.
 13574 | Lair:3   | Reached skill level 10 in Summonings
 13779 | Lair:3   | Noticed Kirke
 13816 | Lair:3   | Killed Kirke
 13921 | Lair:3   | Reached XP level 13. HP: 68/68 MP: 22/27
 14480 | Lair:4   | Found a viscous altar of Jiyva.
 14480 | Lair:4   | Found a staircase to the Slime Pits.
 15334 | Lair:5   | Entered Level 5 of the Lair of Beasts
 15351 | Lair:5   | Reached skill level 5 in Earth Magic
 15434 | Lair:5   | Reached ****** piety under Kikubaaqudgha
 15577 | Lair:5   | Reached skill level 10 in Spellcasting
 15705 | Lair:5   | Identified the +5 flail of Circular Logic {protect, ^Drain
                  | rPois Will+++ rCorr}
 15723 | Lair:5   | HP: 3/70 [blink frog (9)]
 15724 | Lair:5   | Killed by an exploding blazeheart core
 15724 | Lair:5   | Lost a life (1 life remaining)
 15937 | Lair:5   | Killed from afar by a smoke demon
 15937 | Lair:5   | Lost a life (0 lives remaining)
 16099 | Lair:5   | Reached XP level 14. HP: 75/75 MP: 21/29
 16099 | Lair:5   | Gained a life (1 life remaining)
 16237 | Lair:5   | Received a gift from Kikubaaqudgha (forbidden knowledge)
 16773 | Lair:5   | Found a corrupted altar of Lugonu.
 16773 | Lair:5   | Found a one-way gate to the infinite horrors of the Abyss.
 16915 | Lair:5   | Reached skill level 10 in Fighting
 16959 | Lair:5   | Identified the +4 quarterstaff "Hushrati" {spect, Will-
                  | Str+4 Int+2}
 17655 | Lair:5   | Learned a level 6 spell: Death Channel
 17783 | D:10     | Entered Level 10 of the Dungeon
 18482 | D:10     | Found a staircase to the Orcish Mines.
 18886 | D:10     | Killed from afar by a steam dragon
 18886 | D:10     | Lost a life (0 lives remaining)
 18987 | D:10     | Quit the game

Illustrated notes

Levels and vault maps discovered:
D:1:      lightli_arrival_noodles, layout_loops_ring
D:2:      layout_rooms, serial_shops, nicolae_shop_tiny_statue_garden,
          st_stairs_8, minmay_misc_feat_hallway,
          nicolae_concentric_dashed_squares_mild, dk_noncrumbling_4,
          nicolae_wormholes, uniq_terence
D:3:      layout_basic, nicolae_elyvilon_temple_path
D:4:      layout_basic, makhleb_heckhound_becter, gup_sewer_entry_glass,
          nicolae_elevator_lobby_plus, uniq_duvessa
D:5:      layout_loops_ring, mainiacjoe_overflow_large_starburst,
          minmay_temple_entry_from_below_a
D:6:      layout_basic, nicolae_letterblocks [nicolae_letter_subblock,
          nicolae_letter_subblock, nicolae_letter_subblock,
          nicolae_letter_subblock, nicolae_letter_subblock,
          nicolae_letter_subblock, nicolae_letter_subblock,
          nicolae_letter_subblock, nicolae_letter_subblock,
          nicolae_letter_subblock, nicolae_letter_subblock,
          nicolae_letter_subblock, nicolae_letter_subblock,
          nicolae_letter_subblock, nicolae_letter_subblock,
          nicolae_letter_subblock, nicolae_letter_subblock,
          nicolae_letter_subblock, nicolae_letter_subblock,
          nicolae_letter_subblock, nicolae_letter_subblock,
          nicolae_letter_subblock, nicolae_letter_subblock,
          nicolae_letter_subblock, nicolae_letter_subblock], uniq_pikel,
          uniq_prince_ribbit1
D:7:      nzn_winding_woodlands_small [nzn_winding_woodlands_5x15_sidewinder,
          nzn_winding_woodlands_center_triple_pond,
          nzn_winding_woodlands_5x15_sawtooth], layout_cave_pools,
          enter_bailey_6, enter_ossuary_5
D:8:      lemuel_slime, layout_basic, mainiacjoe_overflow_cross_hatched,
          mainiacjoe_overflow_brackets, nicolae_uskayaw_suspiria, serial_shops,
          nicolae_shop_real_fake_doors, shop, shop, uniq_maurice
D:9:      layout_irregular_city, david_lair_generic
D:10:     layout_roguey, david_orc_4, minmay_protected_statue
Lair:1:   layout_small_grid, gauntlet_entry_generic
Lair:2:   layout_misc_corridors, minmay_shoals_entry_hut
Lair:3:   layout_chaotic_city, minmay_snake_entry_guardpost_small, uniq_kirke
Lair:4:   layout_regular_city, nicolae_slime_entry_slimehenge,
          beast_lair_carwin_7
Lair:5:   hellmonk_lair_end_abyssal_woods, layout_layer_cave

Skill      XL: |  1  2  3  4  5  6  7  8  9 10 11 12 13 14 |
---------------+-------------------------------------------+-----
Spellcasting   | 3 4 5 6 7 8 9 10 11 | 11.0
Summonings     | 5 6 7 8 9 10 11 | 11.0
Fire Magic     | 2 3 4 5 |  5.0
Dodging        | 4 6 7 9 10 | 10.0
Stealth        | 5 6 8 9 10 | 10.0
Fighting       | 2 4 5 6 7 9 10 | 10.0
Air Magic      | 2 3 4 5 |  5.0
Necromancy     | 2 3 5 6 8 9 |  9.7
Hexes          | 3 6 8 |  8.0
Earth Magic    | 3 5 6 |  6.0

Action                     |  1- 3 |  4- 6 |  7- 9 | 10-12 | 13-15 || total
---------------------------+-------+-------+-------+-------+-------++-------
  Melee: Unarmed           |    44 |    43 |    25 |    14 |    38 ||   164
         Bite              |     5 |     5 |     8 |     4 |     7 ||    29
         Punch             |       |     4 |       |       |       ||     4
   Cast: Summon Small Mamm |     9 |     6 |     3 |       |       ||    18
         Call Imp          |    10 |    22 |    12 |       |       ||    44
         Call Canine Famil |     1 |    27 |    41 |    48 |    20 ||   137
         Summon Blazeheart |       |       |    33 |    77 |    71 ||   181
         Summon Lightning  |       |       |     7 |    44 |    34 ||    85
         Animate Dead      |       |       |       |     1 |    13 ||    14
         Death Channel     |       |       |       |       |     7 ||     7
 Invoke: Receive Forbidden |       |       |       |       |     1 ||     1
  Evoke: Wand              |       |       |       |     1 |       ||     1
    Use: Scroll            |       |     7 |     5 |     8 |       ||    20
         Potion            |       |       |       |       |     1 ||     1
   Stab: Distracted        |       |     1 |     1 |       |     3 ||     5
         Sleeping          |       |     1 |       |       |       ||     1
 Armour: Skin              |    19 |    22 |    41 |    47 |   112 ||   241
  Dodge: Dodged            |    39 |    42 |    94 |   142 |   219 ||   536

Table legend: (Time is in decaauts)
 A = Elapsed time spent in this place.
 B = Non-inter-level travel time spent in this place.
 C = Inter-level travel time spent in this place.
 D = Time resting spent in this place.
 E = Time spent auto-exploring this place.
 F = Levels seen in this place.
 G = Mean time per level.
                   A        B        C        D        E       F      G
               +--------+--------+--------+--------+--------+-----+--------+
         Total |  19032 |  18165 |    867 |   3483 |   7942 |  19 | 1001.7 |
       Dungeon |  10642 |  10043 |    599 |   1750 |   4858 |  10 | 1064.2 |
          Lair |   6427 |   6159 |    268 |    999 |   2730 |   5 | 1285.4 |
         Sewer |    262 |    262 |      0 |     97 |     50 |   1 |  262.0 |
       Ossuary |    577 |    577 |      0 |    301 |     21 |   1 |  577.0 |
        Bailey |    113 |    113 |      0 |     24 |      0 |   1 |  113.0 |
      Gauntlet |   1007 |   1007 |      0 |    312 |    282 |   1 | 1007.0 |
               +--------+--------+--------+--------+--------+-----+--------+

Top non-repeatable levels by time:
  Lair:5: 2369 daAuts
     D:8: 1578 daAuts
     D:5: 1361 daAuts
     D:4: 1230 daAuts
     D:9: 1210 daAuts
    D:10: 1203 daAuts
  Lair:2: 1111 daAuts
Gauntlet: 1007 daAuts
  Lair:1: 1007 daAuts
  Lair:4: 973 daAuts
  Lair:3: 966 daAuts
     D:7: 943 daAuts
     D:1: 879 daAuts
     D:3: 878 daAuts
     D:6: 859 daAuts
